 Dungeon Crawl Stone Soup version 0.18.1-48-g4cf74bf (webtiles) character file.

55 Goblin1989 the Magician (level 3, -4/24 HPs)
             Began as a Demonspawn Wizard on Aug 2, 2016.
             Slain by an iguana (9 damage)
             ... on level 4 of the Dungeon.
             The game lasted 00:11:11 (3252 turns).

Goblin1989 the Magician (Demonspawn Wizard)         Turns: 3252, Time: 00:11:11

Health: -4/24      AC:  3    Str:  7    XL:     3   Next: 67%
Magic:  4/7        EV: 11    Int: 20    God:
Gold:   211        SH:  3    Dex: 11    Spells: 2 memorised, 5 levels left

rFire  . . .     SeeInvis .     f - +0 short sword
rCold  . . .     Gourm    .     a - +0 robe
rNeg   . . .     Faith    .     m - +0 buckler (curse)
rPois  .         Spirit   .     b - +0 hat
rElec  .         Dismiss  .     (no cloak)
rCorr  .         Reflect  .     (no gloves)
SustAt .         Harm     .     (no boots)
MR     .....                    (no amulet)
Stlth  +.........               (no ring)
                                (no ring)

@: not resistant to hostile enchantments, very unstealthy
A: hooves 1, rugged brown scales 1
a: no special abilities


You were on level 4 of the Dungeon.
You were hungry.

You visited 1 branch of the dungeon, and saw 4 of its levels.

You collected 211 gold pieces.

Inventory:

Hand Weapons
 f - a +0 short sword (weapon)
Missiles
 k - 8 javelins (quivered)
 r - 5 needles of confusion
Armour
 a - a +0 robe (worn)
 b - a +0 hat (worn)
 m - a cursed +0 buckler (worn)
Scrolls
 g - 2 scrolls of enchant armour {unknown}
 i - a scroll of fear {unknown}
 j - 3 scrolls of remove curse {unknown}
 l - a scroll of fog {unknown}
 n - 3 scrolls of teleportation {unknown}
 q - 2 scrolls of identify {unknown}
 s - a scroll of blinking {unknown}
Potions
 e - 2 potions of curing {unknown}
 o - a potion of haste {unknown}
 p - a potion of flight {unknown}
 t - a potion of degeneration {unknown}
Books
 c - a book of Minor Magic

   Spells                             Type                      Level
   a - Magic Dart                     Conjuration                  1
   b - Blink                          Translocation                2
   c - Call Imp                       Summoning                    2
   d - Repel Missiles                 Charms/Air                   2
   e - Slow                           Hexes                        2
   f - Conjure Flame                  Conjuration/Fire             3
   g - Mephitic Cloud                 Conjuration/Poison/Air       3
Comestibles
 d - 4 bread rations
 h - 2 meat rations
 u - a fruit


   Skills:
 - Level 1.7 Dodging
 - Level 1.7 Stealth
 + Level 1.0 Shields
 - Level 3.4 Spellcasting
 - Level 2.6 Conjurations
   Level 1.0 Summonings
   Level 0.8 Translocations


You had 5 spell levels left.
You knew the following spells:

 Your Spells              Type           Power        Failure   Level  Hunger
a - Magic Dart            Conj           ##..         8%          1    None
b - Repel Missiles        Chrm/Air       #.....       34%         2    ##.....


Dungeon Overview and Level Annotations

Branches:
Dungeon (4/15)
 Temple: D:4-7

Altars:
Elyvilon
Kikubaaqudgha
Sif Muna
Trog
Yredelemnul
The Shining One


Innate Abilities, Weirdness & Mutations

You have large cloven feet.
You are partially covered in rugged brown scales (AC +1, +3% HP).


Message History

Aiming: Magic Dart
Press: ? - help, Shift-Dir - straight line, f/p - iguana
Aim: an iguana The magic dart hits the iguana.
The iguana is moderately wounded.
The iguana bites you.
You take 5 damage, and have 19/24 hp.
MASSIVE DAMAGE!!
You now have 5/7 mp.
Casting: Magic Dart
Confirm with . or Enter, or press ? or * to list all spells.
Aiming: Magic Dart
Press: ? - help, Shift-Dir - straight line, f/p - iguana
Aim: an iguana (moderately wounded)
The magic dart hits the iguana.
The iguana is moderately wounded.
The iguana bites you!
Ouch! That really hurt!
* * * LOW HITPOINT WARNING * * *
You take 14 damage, and have 5/24 hp.
MASSIVE DAMAGE!!
You now have 4/7 mp.
The iguana bites you!
You die...

♣....♣...♣
#.#
♣♣..♣.....♣
#.#
♣..♣♣♣...♣♣
#.# ♣..♣
♣.♣♣♣ #.#
♣♣.♣♣ ♣.♣
#. ♣..♣ ♣♣♣
♣♣..♣ ♣.[♣♣
♣♣@.♣ ♣
♣.l♣♣
♣.♣♣♣.♣♣
♣...♣.♣
♣.....♣
♣.....♣♣
♣...♣♣.♣
♣.♣ ♣.♣ ♣
♣.♣


You could see an iguana.

Vanquished Creatures
  An adder (D:2)
  An ooze (D:1)
  A dart slug (D:1)
  2 giant geckos
  An orc (D:3)
  A ball python (D:3)
  2 giant cockroaches
  5 goblins
  3 hobgoblins
  4 bats
  3 giant newts
  5 kobolds
  8 rats
37 creatures vanquished.

Notes
Turn   | Place    | Note
--------------------------------------------------------------
     0 | D:1      | Goblin1989 the Demonspawn Wizard began the quest for the Orb.
     0 | D:1      | Reached XP level 1. HP: 13/13 MP: 4/4
   287 | D:1      | Gained mutation: You are partially covered in rugged brown scales (AC +1, +3% HP). [demonic ancestry]
   287 | D:1      | Reached XP level 2. HP: 9/19 MP: 0/6
  1467 | D:2      | Found a white marble altar of Elyvilon.
  1470 | D:2      | Found a bloodstained altar of Trog.
  1473 | D:2      | Found a basalt altar of Yredelemnul.
  1476 | D:2      | Found an ancient bone altar of Kikubaaqudgha.
  1511 | D:2      | Found a deep blue altar of Sif Muna.
  1536 | D:2      | Gained mutation: You have large cloven feet. [demonic ancestry]
  1536 | D:2      | Reached XP level 3. HP: 24/24 MP: 4/7
  2432 | D:3      | Found a glowing golden altar of the Shining One.
  2980 | D:3      | Reached skill level 1 in Shields
  3006 | D:3      | Learned a level 2 spell: Repel Missiles
  3070 | D:4      | Noticed an ogre
  3252 | D:4      | Slain by an iguana

Skill      XL: |  1  2  3 |
---------------+----------+-----
Conjurations   | 2 |  2.6
Shields        | 1 |  1.0
Dodging        | |  1.7
Stealth        | |  1.7
Spellcasting   | |  3.4
Summonings     | |  1.0
Translocations | |  0.8

Action                   || total
-------------------------++-------
Melee: Unarmed           ||     8
       Short sword       ||     6
       Kick              ||     1
 Cast: Magic Dart        ||   102
  Eat: Chunk             ||     6
Armor: Robe              ||    16
Dodge: Dodged            ||    27
